 Dungeon Crawl Stone Soup version 0.20.0-15-g7f486f2 (webtiles) character file.

135 geeseburger the Archer (level 4, 0/36 HPs)
             Began as a Centaur Hunter on June 10, 2017.
             Slain by a gnoll
             ... wielding a +0 spear
              (7 damage)
             ... on level 3 of the Dungeon.
             The game lasted 00:11:43 (2332 turns).

geeseburger the Archer (Centaur Hunter)             Turns: 2332, Time: 00:11:44

Health: 0/36       AC:  7    Str: 15    XL:     4   Next: 97%
Magic:  4/4        EV:  8    Int: 10    God:
Gold:   87         SH:  0    Dex: 10    Spells: 3/3 levels left

rFire    + . .     SeeInvis .   a - +1 shortbow
rCold    . . .     Gourm    .   (shield currently unavailable)
rNeg     . . .     Faith    .   q - +2 ring mail {rF+}
rPois    .         Spirit   .   (no helmet)
rElec    .         Reflect  .   (no cloak)
rCorr    .         Harm     +   (no gloves)
MR       .....                  (no barding)
Stlth    ..........             h - amulet of harm
Regen    0.2/turn               (no ring)
MPRegen  0.1/turn               (no ring)

@: very quick
A: hooves 3, deformed body, speed 2, tough skin 3
a: no special abilities


You were on level 3 of the Dungeon.
You were not hungry.

You visited 1 branch of the dungeon, and saw 3 of its levels.

You collected 87 gold pieces.

Inventory:

Hand Weapons
 a - a +1 shortbow (weapon)
 b - a +0 short sword
 i - a +2 short sword of holy wrath
Missiles
 d - 32 arrows (quivered)
Armour
 c - a +0 leather armour
 q - a +2 ring mail of fire resistance (worn)
Jewellery
 h - an amulet of harm (around neck)
 j - an uncursed amulet of rage {unknown}
Scrolls
 g - a scroll of enchant weapon {unknown}
 o - a scroll of remove curse
 p - a scroll of teleportation {unknown}
 r - a scroll of identify
Potions
 e - a potion of flight {unknown}
 l - a potion of might {unknown}
Comestibles
 f - 2 bread rations
 k - 3 fruits
 n - 2 royal jellies


   Skills:
 - Level 2.0 Fighting
 * Level 8.0 Bows
 + Level 0.5 Armour
 * Level 1.5 Dodging
 + Level 0.5 Stealth


You had 3 spell levels left.
You didn't know any spells.

Dungeon Overview and Level Annotations

Branches:
Dungeon (3/15)

Altars:
Hepliaklqana
Uskayaw


Innate Abilities, Weirdness & Mutations

You have hooves in place of feet.
Armour fits poorly on your strangely shaped body.
You cover ground very quickly.
You have extremely tough skin. (AC +3)


Message History

The gnoll hits you from afar with a halberd.
The gnoll hits you from afar with a spear.
The gnoll barely misses you.
Firing (i - inventory):
d - 34 arrows (quivered)
Press: ? - help, Shift-Dir - straight line, f/p - gnoll
Aim: a gnoll, wielding a flail (moderately wounded)
You shoot an arrow. The arrow hits the gnoll!
You kill the gnoll!
Your Bows skill increases to level 8!
The gnoll hits you but does no damage.
The gnoll hits you from afar with a halberd.
* * * LOW HITPOINT WARNING * * *
Firing (i - inventory):
d - 33 arrows (quivered)
Press: ? - help, Shift-Dir - straight line, f - goblin
Aim: a goblin, wielding a dagger You shoot an arrow.
The arrow completely misses the goblin.
The arrow barely misses the gnoll.
The arrow barely misses the goblin.
The goblin closely misses you.
The gnoll hits you from afar with a spear.
You die...

P.PPP.............#
..P....#..##......#
P.P.P#+#..##......#
P...P.....##......#
P.PPP.....##......#
#.##......##......#
#..........+......#
#####...#.##......#
#....##.......@##
#.##.##..###.#g#
#.##..#......ggS
#.###.#.####..g(( #
#.# #...# #...... #
#.# ##..# #.......
# #.# #.>#
#.....(.. # #.#
##.# #..(..((.. #
#.#####.#


You could see 2 gnolls, an adder and 2 goblins.

Vanquished Creatures
  6 gnolls (D:3)
  2 adders (D:3)
  An ooze (D:2)
  A dart slug (D:3)
  A leopard gecko (D:2)
  3 orcs (D:3)
  5 bats
  A bat skeleton (D:2)
  A giant cockroach (D:1)
  4 goblins
  6 hobgoblins
  4 jackals (D:2)
  A quokka (D:2)
  5 frilled lizards
  A giant cockroach zombie (D:2)
  6 kobolds
  A quokka skeleton (D:2)
  8 rats
57 creatures vanquished.

Notes
Turn   | Place    | Note
-------+----------+-------------------------------------------
     0 | D:1      | geeseburger the Centaur Hunter began the quest for the Orb.
     0 | D:1      | Reached XP level 1. HP: 17/17 MP: 1/1
   258 | D:1      | Reached XP level 2. HP: 24/24 MP: 2/2
   501 | D:2      | Reached skill level 6 in Bows
   627 | D:2      | Found a hazy altar of Hepliaklqana.
   627 | D:2      | Found a hide-covered altar of Uskayaw.
   981 | D:2      | Reached XP level 3. HP: 29/29 MP: 3/3
  1668 | D:3      | Reached skill level 7 in Bows
  1884 | D:3      | Reached XP level 4. HP: 25/36 MP: 4/4
  2331 | D:3      | Reached skill level 8 in Bows
  2332 | D:3      | Slain by a gnoll

Skill      XL: |  1  2  3  4 |
---------------+-------------+-----
Bows           | 6 7 8 |  8.0
Fighting       | |  2.0
Armour         | |  0.5
Dodging        | |  1.5
Stealth        | |  0.5

Action                   |  1- 3 |  4- 6 || total
-------------------------+-------+-------++-------
 Fire: Shortbow          |   141 |    53 ||   194
  Use: Scroll            |     4 |       ||     4
       Potion            |       |     1 ||     1
  Eat: Bread ration      |     1 |       ||     1
Armor: Leather armour    |    25 |     3 ||    28
       Ring mail         |       |    10 ||    10
Dodge: Dodged            |    34 |    30 ||    64
